 Dungeon Crawl Stone Soup version 0.20.0-15-g7f486f2 (webtiles) character file.

82 McKennaii the Covered (level 4, -11/40 HPs)
             Began as a Minotaur Fighter on June 11, 2017.
             Mangled by an ogre
             ... wielding a +0 giant club
              (19 damage)
             ... on level 3 of the Dungeon.
             The game lasted 00:01:59 (1428 turns).

McKennaii the Covered (Minotaur Fighter)            Turns: 1428, Time: 00:02:00

Health: -11/40     AC:  9    Str: 20    XL:     4   Next: 21%
Magic:  3/3        EV:  5    Int:  5    God:
Gold:   117        SH:  9    Dex: 11    Spells: 3/3 levels left

rFire    . . .     SeeInvis .   a - +1 long sword
rCold    . . .     Gourm    .   c - +0 shield
rNeg     . . .     Faith    .   q - +0 chain mail
rPois    .         Spirit   .   (helmet restricted)
rElec    .         Reflect  .   (no cloak)
rCorr    .         Harm     .   (no gloves)
MR       .....                  (no boots)
Stlth    ..........             k - amulet of inaccuracy (curse)
Regen    0.2/turn               (no ring)
MPRegen  0.1/turn               (no ring)

@: no status effects
A: retaliatory headbutt, horns 2
a: no special abilities


You were on level 3 of the Dungeon.
You were hungry.

You visited 1 branch of the dungeon, and saw 3 of its levels.

You collected 117 gold pieces.

Inventory:

Hand Weapons
 a - a +1 long sword (weapon)
Armour
 c - a +0 shield (worn)
 q - a +0 chain mail (worn)
Jewellery
 i - an uncursed amulet of rage {unknown}
 k - a cursed amulet of inaccuracy (around neck)
 p - an uncursed amulet of rage {unknown}
Scrolls
 e - a scroll of identify
 l - a scroll of teleportation
 n - a scroll of fear {unknown}
 o - a scroll of enchant armour {unknown}
Potions
 d - 2 potions of might
 h - 2 potions of heal wounds
 j - a potion of brilliance {unknown}
 m - a potion of ambrosia {unknown}
Comestibles
 f - 3 bread rations
 g - 2 meat rations


   Skills:
 + Level 4.0 Fighting
 + Level 3.3 Long Blades
 + Level 4.3 Armour
 + Level 0.9 Dodging
 + Level 0.5 Stealth
 + Level 4.3 Shields


You had 3 spell levels left.
You didn't know any spells.

Dungeon Overview and Level Annotations

Branches:
Dungeon (3/15)

Altars:

Annotations:
D:2 1 runed door


Innate Abilities, Weirdness & Mutations

You reflexively headbutt those who attack you in melee.
You have a pair of horns on your head.


Message History

* * * LOW HITPOINT WARNING * * *
You are too injured to fight recklessly!
You are too injured to fight recklessly!
You are too injured to fight recklessly!
You are too injured to fight recklessly!
You are too injured to fight recklessly!
You slash the ogre!
The ogre is severely wounded.
You block the ogre's attack.
You closely miss the ogre.
The ogre is severely wounded.
The ogre closely misses you.
You hit the ogre but do no damage. Your headbutt misses the ogre.
The ogre is severely wounded.
The ogre hits you with a giant club.
* * * LOW HITPOINT WARNING * * *
You closely miss the ogre.
The ogre is severely wounded.
The ogre hits you with a giant club!!
You die...

...........# #.#
#...###.#.#.#.
...........# #.#
#... #.......
...........# #.#
#...#...
#####<###### #.#
#...###. ###
####.############..#
#.
#..................#
#.
#.##.############..#
#.
#.##.#............>#
#.
#.##.#@#############
#. #.##.#O# #.
#....#.. #.
######### #. ##


You could see an ogre.

Vanquished Creatures
  2 adders
  A gnoll (D:1)
  2 worms (D:2)
  A dart slug (D:1)
  4 leopard geckos (D:1)
  An orc (D:3)
  2 giant cockroaches
  4 goblins
  A hobgoblin (D:1)
  4 jackals (D:2)
  2 quokkas (D:2)
  10 bats
  4 kobolds
  4 rats
42 creatures vanquished.

Notes
Turn   | Place    | Note
-------+----------+-------------------------------------------
     0 | D:1      | McKennaii the Minotaur Fighter began the quest for the Orb.
     0 | D:1      | Reached XP level 1. HP: 19/19 MP: 0/0
   106 | D:1      | Reached XP level 2. HP: 16/27 MP: 1/1
   449 | D:1      | Reached XP level 3. HP: 20/33 MP: 2/2
   673 | D:2      | Found a runed door.
  1211 | D:3      | Reached XP level 4. HP: 40/40 MP: 3/3
  1417 | D:3      | Noticed an ogre
  1428 | D:3      | Mangled by an ogre

Skill      XL: |  1  2  3 |
---------------+----------+-----
Shields        | 4 |  4.3
Armour         | 4 |  4.3
Fighting       | 4 |  4.0
Long Blades    | 3 |  3.3
Dodging        | |  0.9
Stealth        | |  0.5

Action                   |  1- 3 |  4- 6 || total
-------------------------+-------+-------++-------
Melee: Long sword        |   106 |    22 ||   128
       Headbutt          |    14 |     5 ||    19
  Use: Scroll            |     4 |       ||     4
  Eat: Chunk             |     1 |       ||     1
Armor: Scale mail        |    45 |     6 ||    51
       Chain mail        |       |     1 ||     1
Dodge: Dodged            |    35 |    10 ||    45
Block: Shield            |    63 |    13 ||    76
       Rpst.: Long sword |    15 |     3 ||    18
